 Dungeon Crawl Stone Soup version 0.26-a0-712-ga5a9c9c9d0 (webtiles) character file.

Game seed: 5383681624545724096

30 Jooffin the Cudgeler (level 3, -3/36 HPs)
             Began as a Troll Berserker on Nov 1, 2020.
             Was a Follower of Trog.
             Killed from afar by Natasha (6 damage)
             ... with a magic dart
             ... on level 2 of the Dungeon on Oct 11, 2023.
             The game lasted 00:05:16 (775 turns).

Jooffin the Cudgeler (Troll Berserker)               Turns: 775, Time: 00:05:17

Health: -3/36      AC:  6    Str: 25    XL:     3   Next: 5%
Magic:  2/2        EV: 10    Int:  3    God:    Trog [*.....]
Gold:   103        SH:  0    Dex: 10    Spells: 2/2 levels left

rFire    . . .     SeeInvis .   a - +0 mace
rCold    . . .     Faith    .   (no shield)
rNeg     . . .     Spirit   .   b - +0 animal skin
rPois    .         Reflect  .   (helmet restricted)
rElec    .         Harm     .   (no cloak)
rCorr    .         Rampage  .   (gloves unavailable)
MR       .....                  (boots unavailable)
Stlth    +.........             (no amulet)
HPRegen  0.52/turn              (no ring)
MPRegen  0.08/turn              (no ring)

@: slowed, very slow
A: large, unfitting armour, claws 3, regeneration 1, shaggy fur 1, tough skin 3
a: Berserk, Renounce Religion


You were on level 2 of the Dungeon.
You worshipped Trog.
Trog was aware of your devotion.
You visited 1 branch of the dungeon, and saw 2 of its levels.

You collected 103 gold pieces.

Inventory:

Hand Weapons
 a - a +0 mace (weapon)
Armour
 b - a +0 animal skin (worn)
Scrolls
 d - 2 scrolls of teleportation {unknown}
 f - a scroll of identify {unknown}
 j - a scroll of amnesia {unknown}
Potions
 c - a potion of cancellation {unknown}
 e - a potion of haste {unknown}
 g - a potion of flight {unknown}
 h - a potion of berserk rage {unknown}
 i - 2 potions of brilliance {unknown}


   Skills:
 + Level 2.6 Fighting
 + Level 3.2 Maces & Flails
 + Level 2.8 Dodging


You had 2 spell levels left.
You didn't know any spells.
Your spell library was empty.

Dungeon Overview and Level Annotations

Branches:
Dungeon (2/15)

Altars:

Annotations:
D:2 Natasha


Innate Abilities, Weirdness & Mutations

You are too large for most types of armour.
You have claws for hands.
Your natural rate of healing is unusually fast.
You are covered in fur. (AC +1)
You have extremely tough skin. (AC +3)


Message History

The crimson imp shouts, "Go and return not, thou baffled limp-willed skainsmate!"
You hit Natasha.
Natasha is moderately wounded.
Natasha barely misses you.
The crimson imp hits you but does no damage.
Natasha claws you.
You barely miss Natasha.
Natasha is moderately wounded.
The crimson imp hits you. Natasha claws you.
* * * LOW HITPOINT WARNING * * *
The crimson imp hits you but does no damage.
You sock Natasha!
Natasha is almost dead.
Natasha claws you.
* * * LOW HITPOINT WARNING * * *
The crimson imp hits you.
* * * LOW HITPOINT WARNING * * *
Natasha stares at you and mumbles some strange words.
The magic dart hits you.
You die...

...... ..... ...
..... ... ..#. #.#
# ...##.# .#
#..#.###.# #
#(h......#####
....##.@5.........
#..>....$........
#.####........##
.............#
.####........#
#........# ###
#......#.#....
#..###..<..##.
#####............


You could see Natasha and a crimson imp (summoned).

Vanquished Creatures
  An adder (D:2)
  A dart slug (D:1)
  A leopard gecko (D:1)
  2 ball pythons (D:1)
  A giant cockroach (D:1)
  5 hobgoblins
  3 bats (D:1)
  A frilled lizard (D:1)
  A kobold (D:1)
  3 rats (D:1)
19 creatures vanquished.

Notes
Turn   | Place    | Note
-------+----------+-------------------------------------------
     0 | D:1      | Jooffin the Troll Berserker began the quest for the Orb.
     0 | D:1      | Reached XP level 1. HP: 22/22 MP: 0/0
   196 | D:1      | Reached XP level 2. HP: 29/29 MP: 1/1
   426 | D:1      | Reached skill level 3 in Maces & Flails
   757 | D:2      | Reached XP level 3. HP: 35/36 MP: 2/2
   764 | D:2      | Noticed Natasha
   775 | D:2      | Killed from afar by Natasha

Illustrated notes

Levels and vault maps discovered:
D:1:      wander_arrival_peaceful_grave, layout_basic, st_stairs_8
D:2:      layout_rooms, nemelex_altar_shiori, minmay_fountain_box, uniq_natasha,
          uniq_crazy_yiuf_cottage

Skill      XL: |  1  2 |
---------------+-------+-----
Maces & Flails | 3 |  3.2
Fighting       | |  2.6
Dodging        | |  2.8

Action                   || total
-------------------------++-------
Melee: Mace              ||    60
  Use: Scroll            ||     1
Armor: Animal skin       ||    33
Dodge: Dodged            ||    55

Table legend: (Time is in decaauts)
 A = Elapsed time spent in this place.
 B = Non-inter-level travel time spent in this place.
 C = Inter-level travel time spent in this place.
 D = Time resting spent in this place.
 E = Time spent auto-exploring this place.
 F = Levels seen in this place.
 G = Mean time per level.
                   A        B        C        D        E       F      G
               +--------+--------+--------+--------+--------+-----+--------+
         Total |    796 |    600 |    196 |      0 |    327 |   2 |  398.0 |
       Dungeon |    796 |    600 |    196 |      0 |    327 |   2 |  398.0 |
               +--------+--------+--------+--------+--------+-----+--------+

Top non-repeatable levels by time:
     D:1: 727 daAuts
     D:2: 69 daAuts
